cohdb
Replays
Latest Replays
All Replays
Popular Replays
Top Player Replays
Match Explorer
How It Works
Community
CoH3 Stats
Reddit
Sign in to upload your games and track your stats! →
Sign in with Steam
Match 40666057
Unlisted
Match 40666057
Overview
Messages
Build Orders
End
Kradschützen Motorcycle Team
Panzergrenadier Squad
Panzergrenadier Squad
Selects Panzerjäger Kommand Battlegroup
Selects Blockade Equipment
Construct Light Support Kompanie
2.5-tonne Medical Truck
Selects Tank Busters
Construct Mechanized Kompanie
Panzerjäger Mechanized Group
Veteran Squad Leaders
Selects Defensive Positions
不吃芹菜
Nasa
Temsy36
JZuna
Hunti
Definitely a Wizard
Definitely not a Pineapple
boboCATs
0
0
Comments
sign in to comment!
No comments posted yet!